 Dungeon Crawl Stone Soup version 0.29-a0-892-g2c4c91d9db (webtiles) character file.

Game seed: 3668564236295506914

57 wingedge the Caller (level 3, -3/15 HPs)
             Began as a Felid Summoner on July 22, 2022.
             Slain by a hobgoblin (5 damage)
             ... on level 2 of the Dungeon.
             The game lasted 00:05:41 (1289 turns).

wingedge the Caller (Felid Summoner)                Turns: 1289, Time: 00:05:41

Health: -3/15      AC:  1    Str:  4    XL:     3   Next: 73%
Magic:  2/7        EV: 17    Int: 18    God:
Gold:   20         SH:  0    Dex: 16    Spells: 0/6 levels left
                                        Lives:  0   Deaths: 0

rFire   . . .      SeeInvis +   (weapon unavailable)
rCold   . . .      Faith    .   (shield unavailable)
rNeg    . . .      Spirit   .   (body armour unavailable)
rPois   .          Reflect  .   (helmet unavailable)
rElec   .          Harm     .   (cloak unavailable)
rCorr   .          Rampage  .   (gloves unavailable)
Will    .....                   (boots unavailable)
Stlth   ++........              (no amulet)
HPRegen 0.05/turn               (no ring)
MPRegen 0.10/turn               (no ring)

@: very slightly contaminated, quick
A: very small, claws 1, fangs 3, see invisible, speed 1, shaggy fur 1, stealthy
paws, no weapons or thrown items, no armour, multi-lived
a: no special abilities


You were on level 2 of the Dungeon.
You visited 1 branch of the dungeon, and saw 2 of its levels.

You collected 20 gold pieces.

Inventory:

Jewellery
 d - an amulet of faith
Scrolls
 b - a scroll of silence {unknown}
 e - 2 scrolls of identify {unknown}
 f - a scroll of noise {unknown}
 g - a scroll of magic mapping {unknown}
 j - a scroll of vulnerability {unknown}
Potions
 a - a potion of magic
 c - a potion of degeneration {unknown}
 h - a potion of flight {unknown}
 i - a potion of cancellation {unknown}
 k - a potion of might {unknown}


   Skills:
 * Level 1.3 Fighting
 + Level 3.1 Dodging
 + Level 3.1 Stealth
 + Level 0.8 Unarmed Combat
 + Level 2.1 Spellcasting
 + Level 4.6 Summonings


You couldn't memorise any spells.
You knew the following spells:

 Your Spells              Type           Power      Damage    Failure   Level
a - Summon Small Mammal   Summ           72%        N/A       2%          1
b - Call Imp              Summ           18%        N/A       4%          2
c - Call Canine Familiar  Summ           18%        N/A       8%          3

Your spell library contained the following spells:

 Spells                   Type           Power      Damage    Failure   Level
 Slow                     Hex            4%         N/A       19%         1
 Summon Guardian Golem    Hex/Summ       10%        N/A       21%         3
 Summon Lightning Spire   Summ/Air       10%        N/A       56%         4


Dungeon Overview and Level Annotations

Branches:
Dungeon (2/15)

Altars:


Innate Abilities, Weirdness & Mutations

You have sharp claws.
You have razor-sharp teeth.
You have supernaturally acute eyesight. (SInv)
You cover ground quickly. (Speed+)
You are covered in fur. (AC +1)
Your paws help you pounce on unaware monsters.
You are incapable of wielding weapons or throwing items.
You cannot wear armour.
You gain extra lives every three experience levels.


Message History

The endoplasm is moderately wounded.
The adder bites you. The endoplasm freezes you.
You are frozen.
The hobgoblin barely misses your crimson imp.
Your rat bites the adder.
Your crimson imp blinks!
Casting: Summon Small Mammal (safe; 2% risk of failure)
Confirm with . or Enter, or press ? or * to list all spells.
You miscast Call Imp.
You are very lightly contaminated with residual magic.
Nothing appears to happen.
The adder bites your rat.
Your rat is poisoned.
The adder poisons your rat! The endoplasm closely misses you.
Your rat barely misses the adder.
The adder barely misses your rat.
Casting: Call Imp (safe; 4% risk of failure)
Confirm with . or Enter, or press ? or * to list all spells.
Okay, then.
Casting: Call Imp (safe; 4% risk of failure)
Confirm with . or Enter, or press ? or * to list all spells.
Okay, then.
Casting: Call Imp (safe; 4% risk of failure)
Confirm with . or Enter, or press ? or * to list all spells.
The spell is extremely dangerous to miscast (8% risk of failure)!
Continue anyway?
The endoplasm hits you.
The hobgoblin hits you but does no damage.
Your rat bites the adder.
The adder bites your rat.
Your rat dies!
Your rat's corpse disappears in a puff of smoke!
You scratch the adder.
You kill the adder!
The endoplasm hits you.
* * * LOW HITPOINT WARNING * * *
The hobgoblin closely misses you.
Your hound bites the endoplasm.
Your crimson imp blinks!
Unknown command.
You scratch the endoplasm.
You kill the endoplasm!
The hobgoblin hits you.
You die...

..#..§ ....#§#
#.......... ....###
###..........
.#.#..=#.##..........#
...###...##?.........###
.....##..##.............
..<..##..!..†.....5..#
........##......g....#
.............†..@h...#
....................##
..........#.........#
.......................
.......###..........###
######## #..........#
###........# #.......##
##.


You could see a hobgoblin (ally target), a friendly hound (summoned) and a
friendly crimson imp (summoned).

Vanquished Creatures
  An adder (D:2)
  4 dart slugs
  3 ball pythons
  An endoplasm (D:2)
  2 goblins (D:1)
  A quokka (D:2)
  2 rats
14 creatures vanquished.

Vanquished Creatures (collateral kills)
  A dart slug (D:1)
  3 ball pythons (D:1)
  2 endoplasms
  A giant cockroach (D:1)
  3 goblins
  3 hobgoblins
  2 kobolds (D:1)
  A bat (D:2)
  5 frilled lizards (D:1)
  4 rats
25 creatures vanquished.

Grand Total: 39 creatures vanquished

Notes
Turn   | Place    | Note
-------+----------+-------------------------------------------
     0 | D:1      | wingedge the Felid Summoner began the quest for the Orb.
     0 | D:1      | Reached XP level 1. HP: 7/7 MP: 4/4
    91 | D:1      | Reached XP level 2. HP: 11/11 MP: 3/6
   156 | D:1      | Learned a level 2 spell: Call Imp
   383 | D:1      | Found a faded altar of an unknown god.
   388 | D:1      | Got Plato's Exposition on Fascination
   814 | D:1      | Reached XP level 3. HP: 10/15 MP: 3/7
   985 | D:1      | Reached skill level 1 in Fighting
  1151 | D:1      | Learned a level 3 spell: Call Canine Familiar
  1289 | D:2      | Slain by a hobgoblin

Illustrated notes

Levels and vault maps discovered:
D:1:      zelgadis_glass_arrival_small, layout_basic,
          shapermc_ecumenical_altar_rom_forum
D:2:      layout_rooms, amcnicky_mini_corridor_feature, uniq_jessica

Skill      XL: |  1  2  3 |
---------------+----------+-----
Dodging        | 3 |  3.1
Fighting       | 1 |  1.3
Stealth        | 3 |  3.1
Unarmed Combat | |  0.8
Spellcasting   | |  2.1
Summonings     | |  4.6

Action                   || total
-------------------------++-------
Melee: Unarmed           ||    41
       Bite              ||     5
       Punch             ||     1
 Cast: Summon Small Mamm ||    24
       Call Imp          ||     5
       Call Canine Famil ||     2
 Stab: Sleeping          ||     2
       Distracted        ||     1
Armor: Skin              ||     2
Dodge: Dodged            ||    33

Table legend: (Time is in decaauts)
 A = Elapsed time spent in this place.
 B = Non-inter-level travel time spent in this place.
 C = Inter-level travel time spent in this place.
 D = Time resting spent in this place.
 E = Time spent auto-exploring this place.
 F = Levels seen in this place.
 G = Mean time per level.
                   A        B        C        D        E       F      G
               +--------+--------+--------+--------+--------+-----+--------+
         Total |   1151 |   1126 |     25 |      0 |    856 |   2 |  575.5 |
       Dungeon |   1151 |   1126 |     25 |      0 |    856 |   2 |  575.5 |
               +--------+--------+--------+--------+--------+-----+--------+

Top non-repeatable levels by time:
     D:1: 1024 daAuts
     D:2: 127 daAuts
